 Dungeon Crawl Stone Soup version 0.31.0-11-ge490571c62 (webtiles) character file.

Game seed: 2385981809942598622

140 qw the Skirmisher (level 5, -1/29 HPs)
             Began as a Deep Elf Hunter on Feb 5, 2024.
             Incinerated by a bombardier beetle (3 damage)
             ... with a burning spray
             ... on level 4 of the Dungeon.
             The game lasted 00:02:11 (3080 turns).

qw the Skirmisher (Deep Elf Hunter)                 Turns: 3080, Time: 00:02:11

Health: -1/29      AC:  9    Str: 10    XL:     5   Next: 2%
Magic:  7/7        EV: 12    Int: 14    God:
Gold:   183        SH:  5    Dex: 18    Spells: 4/4 levels left

rFire   . . .        a - +0 shortbow
rCold   . . .        (shield currently unavailable)
rNeg    . . .        g - +3 leather armour "Kasupion" {Rampage +Blink Will+}
rPois   +            (no helmet)
rElec   .            (no cloak)
rCorr   .            h - +2 pair of gloves
SInv    .            (no boots)
Will    +....        j - amulet of reflection
Stlth   +            d - ring of poison resistance
HPRegen 0.24/turn    (no ring)
MPRegen 0.10/turn

%: reflection, rampage
@: on fire, about to teleport, glowing
A: no striking features
a: Evoke Blink


You were on level 4 of the Dungeon.
You visited 1 branch of the dungeon, and saw 4 of its levels.

You collected 183 gold pieces.


   Skills:
 - Level 1.5 Fighting
 + Level 8.4 Ranged Weapons
 - Level 2.4 Dodging
 - Level 1.2 Stealth


You had 4 spell levels left.
You didn't know any spells.
Your spell library was empty.

Inventory:

Hand Weapons
 a - a +0 shortbow (weapon)
Armour
 g - the +3 leather armour "Kasupion" (worn) {Rampage +Blink Will+}
   (You found it on level 2 of the Dungeon)

   Will+:     It increases your willpower.
   +Blink:    It lets you blink.
   Rampage:   It bestows one free step when moving towards enemies.
 h - a +2 pair of gloves (worn)
Jewellery
 d - a ring of poison resistance (left hand)
 j - an amulet of reflection (around neck)
Scrolls
 c - a scroll of identify
Potions
 b - 2 potions of haste
 f - a potion of curing
 i - a potion of might {unknown}
 l - a potion of degeneration {unknown}

Dungeon Overview and Level Annotations

Branches:
Dungeon (4/15)
 Temple: D:4-7

Altars:
Ru
Xom


Message History

A kobold comes into view. It is wielding a +0 whip.
The kobold moves out of view.
A kobold is nearby!
You shoot an arrow. The kobold shouts!
The arrow hits the kobold but does no damage.
You shoot an arrow. The arrow barely misses the kobold.
You shoot an arrow. The arrow hits the kobold!
You kill the kobold!
A bombardier beetle comes into view.
You shoot an arrow.
The arrow barely misses the bombardier beetle.
The bombardier beetle sprays incendiary fluid at you.
The burning spray hits you.
You are covered in liquid fire!
You shoot an arrow.
The arrow hits the bombardier beetle but does no damage.
The liquid fire burns you!
You shoot an arrow. The arrow hits the bombardier beetle.
The bombardier beetle is lightly wounded.
The liquid fire burns you!
You are on fire!
The liquid fire burns you!
You are on fire!
The liquid fire burns you!
You shoot an arrow.
The arrow hits the bombardier beetle but does no damage.
The bombardier beetle is lightly wounded.
The liquid fire burns you!
The bombardier beetle sprays incendiary fluid at you.
The burning spray hits you.
You are even more covered in liquid fire!
3079 ||| READING scroll of teleportation.
As you read the scroll of teleportation, it crumbles to dust.
You feel strangely unstable. The liquid fire burns you!
You shoot an arrow. The arrow hits the bombardier beetle!
The bombardier beetle is heavily wounded.
The liquid fire burns you!
You die...

##...#### #..#.#
........# #..#.#
###..##.#####..#.###
....%..............
###))##..####..#.####.##
# #..##.........).......
###..%.....##..#.####.#
....###....##..#.# <####
#....##..#@#
#######....##...........
.............)...##.####
...........#..B### #
................ #######
..###. #### . # ...#
#.#####


You could see a bombardier beetle.

Vanquished Creatures
  A hound (D:4)
  3 adders
  2 dart slugs
  2 ribbon worms (D:3)
  2 orcs
  8 endoplasms
  2 giant cockroaches
  6 goblins
  5 hobgoblins
  5 jackals
  6 kobolds
  5 quokkas
  7 ball pythons
  7 bats
  2 frilled lizards
  4 rats
67 creatures vanquished.

Notes
Turn   | Place    | Note
-------+----------+-------------------------------------------
     0 | D:1      | qw the Deep Elf Hunter began the quest for the Orb.
     0 | D:1      | Reached XP level 1. HP: 12/12 MP: 3/3
     0 | D:1      | 0 ||| qw: Version: 0.3-a-160-g6735b56
     0 | D:1      | 0 ||| qw: Game counter: 6387
     0 | D:1      | 0 ||| qw: Melee chars always use a shield: true
     0 | D:1      | 0 ||| qw: God list: Okawaru
     0 | D:1      | 0 ||| qw: Allow faded altars: false
     0 | D:1      | 0 ||| qw: Do Orc after clearing Dungeon:15 true
     0 | D:1      | 0 ||| qw: Do second Lair branch before Depths: true
     0 | D:1      | 0 ||| qw: Lair rune preference: random
     0 | D:1      | 0 ||| qw: Goals: Normal
     0 | D:1      | 0 ||| PLANNING D:1-11
   122 | D:1      | Reached XP level 2. HP: 16/16 MP: 4/4
   236 | D:1      | Reached skill level 6 in Ranged Weapons
   654 | D:1      | 654 ||| UPGRADING to +2 pair of gloves.
   659 | D:1      | 659 ||| UPGRADING to amulet of reflection.
   664 | D:1      | 664 ||| UPGRADING to ring of poison resistance.
   665 | D:1      | 665 ||| READING scroll labelled QUZXIDUHUOTH.
   669 | D:1      | 669 ||| READING scroll labelled ZIAMPOCIEL.
   670 | D:1      | 670 ||| DROPPING scroll of butterflies.
   727 | D:2      | Identified the +3 leather armour "Kasupion" {Rampage +Blink
                  | Will+}
   837 | D:2      | Reached XP level 3. HP: 20/20 MP: 5/5
   926 | D:2      | Identified the +9 rapier "Piex" {drain, Fly}
  1138 | D:2      | 1138 ||| UPGRADING to +3 leather armour "Kasupion" {Rampage
                  | +Blink Will+}.
  1148 | D:2      | 1148 ||| DROPPING +0 leather armour.
  1149 | D:2      | 1149 ||| READING scroll labelled ENIUMMANAD.
  1150 | D:2      | 1150 ||| READING scroll labelled FOOXIKLAENU.
  1151 | D:2      | 1151 ||| READING scroll labelled WISUAN GOIMU.
  1151 | D:2      | 1151 ||| IDENTIFYING purple potion
  1152 | D:2      | 1152 ||| READING scroll labelled ETYLEH INLICH.
  1186 | D:2      | 1186 ||| READING 2 scrolls labelled DOAQOC PIWK.
  1287 | D:2      | 1287 ||| DRINKING 2 black potions.
  1288 | D:2      | 1288 ||| DROPPING potion of lignification.
  1289 | D:2      | 1289 ||| DROPPING scroll of silence.
  1312 | D:3      | Found a sacrificial altar of Ru.
  1411 | D:3      | Reached skill level 7 in Ranged Weapons
  1497 | D:3      | Found a shimmering altar of Xom.
  1858 | D:3      | Reached XP level 4. HP: 25/25 MP: 6/6
  2619 | D:3      | 2619 ||| READING scroll of identify.
  2619 | D:3      | 2619 ||| IDENTIFYING bubbling puce potion
  2620 | D:3      | 2620 ||| READING 2 scrolls labelled MOJA DADIO.
  2621 | D:3      | 2621 ||| READING scroll labelled QOEFIAT JAN.
  2722 | D:3      | 2722 ||| DROPPING scroll of amnesia.
  3029 | D:4      | Reached skill level 8 in Ranged Weapons
  3041 | D:4      | Reached XP level 5. HP: 26/29 MP: 7/7
  3078 | D:4      | HP: 6/29 [burnt (5)]
  3079 | D:4      | 3079 ||| READING scroll of teleportation.
  3079 | D:4      | HP: 2/29 [burnt (4)]
  3080 | D:4      | Incinerated by a bombardier beetle

Levels and vault maps discovered:
D:1:      dpeg_arrival_pond, layout_basic
D:2:      layout_rooms, minmay_misc_feat_diagonals, grunt_ministairs_2,
          hangedman_decor_lopped, minmay_tetromino_l4
D:3:      layout_basic, xom_teletrap_fun, nicolae_ru_awakened_eye,
          grunt_ministairs_15, st_stairs_10, kennysheep_generic_room_4
D:4:      layout_basic, worldfamousw_hep_ancestral_shrine

Skill      XL: |  1  2  3  4 |
---------------+-------------+-----
Ranged Weapons | 6 7 8 |  8.4
Fighting       | |  1.5
Dodging        | |  2.4
Stealth        | |  1.2

Action                     |  1- 3 |  4- 6 || total
---------------------------+-------+-------++-------
   Fire: Shortbow          |   122 |    66 ||   188
    Use: Scroll            |     7 |     4 ||    11
         Potion            |     1 |       ||     1
 Armour: Leather armour    |    11 |    17 ||    28
  Dodge: Dodged            |    24 |    14 ||    38
  Block: Other             |     6 |     4 ||    10

Table legend:
 A = Non-vault XP
 B = Vault XP
 C = Vault XP percentage of total XP
 D = Non-vault monster count
 E = Vault monster count
 F = Vault count percentage of total count
                 A         B        C        D         E       F
            +---------+---------+-------+---------+---------+-------
      Total |     175 |      25 |  12.5 |      55 |      12 |  17.9
            +---------+---------+-------+---------+---------+-------
        D:1 |      30 |       0 |   0.0 |      17 |       0 |   0.0
        D:2 |      20 |       9 |  31.0 |      11 |       6 |  35.3
        D:3 |      54 |      16 |  22.9 |      17 |       6 |  26.1
        D:4 |      71 |       0 |   0.0 |      10 |       0 |   0.0
            +---------+---------+-------+---------+---------+-------
